 Dungeon Crawl Stone Soup version 0.30-a0-949-g53dc5368d7 (webtiles) character file.

Game seed: 18342344315367538165

38651 HoaS the Marksant (level 14, -5/100 (118) HPs)
             Began as a Formicid Hunter on Mar 27, 2023.
             Was the Champion of Zin.
             Slain by a basilisk (16 damage)
             ... on level 5 of the Lair of Beasts.
             The game lasted 00:38:25 (16891 turns).

HoaS the Marksant (Formicid Hunter)                Turns: 16891, Time: 00:38:25

HP:   -5/100 (118)  AC:  9    Str: 15    XL:     14   Next: 35%
MP:   18/19         EV: 28    Int: 13    God:    Zin [******]
Gold: 1024          SH: 14    Dex: 30    Spells: 13/13 levels left

rFire   + . .      SeeInvis +    m - +1 longbow (freeze)
rCold   . . .      Faith    .    t - +2 buckler {rF+}
rNeg    . . .      Spirit   .    p - +3 leather armour of the Fife {rElec rPois Will+++ Str-4}
rPois   ∞          Reflect  +    (helmet unavailable)
rElec   +          Rampage  .    (no cloak)
rCorr   .                        (no gloves)
Will    ++++.                    j - +2 pair of boots
Stlth   ++                       f - amulet of reflection
HPRegen 0.36/turn                n - +6 ring of dexterity
MPRegen 0.16/turn                v - +5 ring of evasion

@: vitalised, on recite cooldown, studying Conjurations, heavily drained
A: permanent stasis, dig shafts and tunnels, antennae 3, four strong arms
a: Dig, Shaft Self, Renounce Religion, Recite, Vitalisation, Imprison,
Sanctuary, Donate Gold


You were on level 5 of the Lair of Beasts.
You worshipped Zin.
Zin was exalted by your worship.
You visited 3 branches of the dungeon, and saw 15 of its levels.

You collected 1380 gold pieces.
You spent 218 gold pieces at shops.
You donated 138 gold pieces to Zin.

Inventory:

Hand Weapons
 m - a +1 longbow of freezing (weapon)
 x - a +0 arbalest
Armour
 j - a +2 pair of boots (worn)
 p - the +3 leather armour of the Fife (worn) {rElec rPois Will+++ Str-4}
   (You found it on level 5 of the Dungeon)

   Str:       It affects your strength (-4).
   rElec:     It insulates you from electricity.
   rPois:     It protects you from poison.
   Will:      It greatly increases your willpower.
 t - a +2 buckler of fire resistance (worn)
Jewellery
 a - a ring of protection from cold
 f - an amulet of reflection (around neck)
 n - a +6 ring of dexterity (left hand)
 v - a +5 ring of evasion (right hand)
Wands
 e - a wand of flame (9)
 u - a wand of light (10)
Scrolls
 b - 4 scrolls of immolation
 g - 6 scrolls of identify
 o - 4 scrolls of poison
 r - a scroll of brand weapon
 s - 2 scrolls of fear
 w - a scroll of enchant armour
Potions
 c - 3 potions of attraction
 d - 5 potions of flight
 h - 3 potions of mutation
 i - a potion of ambrosia
 l - a potion of cancellation
 q - 3 potions of curing
 z - a potion of might {unknown}


   Skills:
 * Level 13.0 Fighting
 - Level 16.0 Ranged Weapons
 * Level 11.0 Dodging
 - Level 1.2 Stealth
 - Level 5.0 Shields
 - Level 7.4 Invocations


You had 13 spell levels left.
You didn't know any spells.
Your spell library contained the following spells:

 Spells                   Type           Power      Damage    Failure   Level
 Freeze                   Ice            0%         1d3       43%         1
 Necrotise                Necr           0%         1d4       43%         1
 Sandblast                Erth           0%         2d4       43%         1
 Lesser Beckoning         Tloc           0%         N/A       56%         2
 Passwall                 Tmut/Erth      0%         N/A       56%         2
 Frozen Ramparts          Ice            0%         1d1       80%         3
 Gell's Gravitas          Tloc           0%         N/A       80%         3
 Hailstorm                Conj/Ice       0%         3d3       80%         3
 Stone Arrow              Conj/Erth      0%         3d7       80%         3
 Teleport Other           Tloc           0%         N/A       80%         3
 Vampiric Draining        Necr           0%         2d6       80%         3
 Agony                    Necr           0%         N/A       100%        5
 Fireball                 Conj/Fire      0%         3d3       100%        5
 Iskenderun's Battlesphe  Conj           0%         2d6       100%        5
 Conjure Ball Lightning   Conj/Air       0%         3x3d6     100%        6
 Orb of Destruction       Conj           0%         9d5       100%        7


Dungeon Overview and Level Annotations

Branches:
Dungeon (9/15)             Temple (1/1) D:4            Lair (5/5) D:9
  Swamp (0/4) Lair:3        Snake (0/4) Lair:2        Slime (0/5) Lair:4
    Orc: D:9-12

Altars:
Ashenzari
Cheibriados
Dithmenos
Elyvilon
Fedhas
Gozag
Hepliaklqana
Kikubaaqudgha
Makhleb
Nemelex Xobeh
Okawaru
Qazlal
Ru
Sif Muna
Trog
Uskayaw
Vehumet
Wu Jian
Xom
Yredelemnul
Zin
The Shining One
Jiyva

Shops:
D:9 ((


Innate Abilities, Weirdness & Mutations

You cannot be hasted, slowed, berserked, paralysed or teleported.
You can dig through walls and to a lower floor.
You have a pair of large antennae on your head. (SInv)
Your four strong arms can wield two-handed weapons with a shield.


Message History

Press: ? - help, Dir - look around, f - activate You clear your throat and prepare to recite. "Only the obedient shall be judged worthy, and..."
The wraith is blasted by Zin's holy word!
You destroy the wraith!
You block the wraith's attack. Josephine completely misses you.
Zin grants you divine stamina. "...all the legions of the damned will be found wanting.
Such is..."
The wraith hits you.
* * * LOW HITPOINT WARNING * * *
The wraith drains your vigour!
Your stasis prevents you from being slowed.
You block Josephine's attack.
You shoot an arrow. The arrow hits Josephine!!
The arrow freezes Josephine!
You kill Josephine!
The wraith completely misses you.
Your Fighting skill increases to level 13!
Your Dodging skill increases to level 11!
A wraith and a basilisk come into view. "...the word of Zin, and such is the law!"
You finish reciting Anathema 19:61.
Things that are here:
a +0 dagger; a +0 robe; the human corpse of Josephine You shoot an arrow.
The arrow hits the basilisk!
The basilisk seems to slow down.
The arrow freezes the basilisk.
The basilisk is severely wounded.
You block the wraith's attack. You block the basilisk's attack.
You shoot an arrow. The arrow misses the basilisk.
You block the wraith's attack.
You shoot an arrow. The arrow hits the basilisk!
The arrow freezes the basilisk!
You kill the basilisk!
You block the wraith's attack.
You shoot an arrow. The arrow hits the basilisk!
The basilisk seems to slow down.
The arrow freezes the basilisk!
The basilisk is heavily wounded.
You block the wraith's attack. The wraith completely misses you.
You shoot an arrow. The arrow barely misses the basilisk.
The basilisk bites you!
You die...

#..P...............
#......).........#
#.#.##.#######....
#..##### ##### #..#
##.### #....##
##.W#.# ###@l..#
#...W..##
##......##
#........##
##.#......##
####......##
#P......#
#......l####
#..........#


You could see a basilisk (slow) and 2 wraiths.

Vanquished Creatures
  A dire elephant (Lair:5)
  Josephine (Lair:5)
  3 hydras
  A catoblepas (Lair:2)
  2 two-headed ogres
  A boulder beetle (Lair:4)
  12 death yaks
  2 skysharks
  A salamander (Lair:2)
  3 black mambas
  6 elephants
  Joseph (Lair:1)
  11 cane toads
  3 rime drakes
  5 komodo dragons
  3 polar bears
  A troll (D:9)
  4 blink frogs (Lair:5)
  A hornet (D:9)
  2 wraiths
  6 wyverns
  3 steam dragons
  5 basilisks
  37 yaks
  An acid dragon (D:9)
  12 water moccasins
  3 orc warriors (D:9)
  4 sky beasts
  3 ice beasts
  3 black bears
  4 boggarts (Lair:3)
  2 centaurs (D:7)
  2 ogres (D:4)
  9 wolves
  4 kobold brigands
  Blork the orc (D:6)
  2 scorpions
  11 bullfrogs
  6 wights
  5 killer bees (D:9)
  2 howler monkeys
  3 electric eels (D:9)
  4 lava snakes (Lair:2)
  A jelly (D:7)
  2 gnoll boudas
  5 hounds
  5 orc priests
  4 iguanas
  16 orc wizards
  Natasha (thrice) (D:2)
  5 gnolls (D:7)
  8 adders
  A shadow imp (D:8)
  2 white imps (D:7)
  An ufetubus (D:3)
  3 worms
  2 dart slugs
  30 orcs
  7 endoplasms
  4 giant cockroaches
  7 hobgoblins
  20 jackals
  19 kobolds
  2 quokkas
  9 ball pythons
  6 bats
  3 frilled lizards
  7 goblins
  10 rats
  A bush (D:7)
379 creatures vanquished.

Vanquished Creatures (others)
  7 fungi
  15 plants
  2 withered plants (D:3)
24 creatures vanquished.

Grand Total: 403 creatures vanquished

Notes
Turn   | Place    | Note
-------+----------+-------------------------------------------
     0 | D:1      | HoaS the Formicid Hunter began the quest for the Orb.
     0 | D:1      | Reached XP level 1. HP: 16/16 MP: 1/1
   102 | D:1      | Reached XP level 2. HP: 22/22 MP: 2/2
   369 | D:1      | Reached XP level 3. HP: 27/27 MP: 3/3
   458 | D:1      | Reached skill level 5 in Ranged Weapons
   696 | D:2      | Noticed Natasha
  1066 | D:2      | Reached XP level 4. HP: 33/33 MP: 4/4
  1198 | D:2      | Killed Natasha
  1268 | D:2      | Noticed Natasha
  1275 | D:2      | Killed Natasha
  1276 | D:2      | Reached skill level 6 in Ranged Weapons
  1276 | D:2      | Reached XP level 5. HP: 38/38 MP: 5/5
  1384 | D:2      | Noticed Natasha
  1388 | D:2      | Killed Natasha
  1853 | D:3      | Reached XP level 6. HP: 37/44 MP: 6/6
  1916 | D:3      | Found an ancient bone altar of Kikubaaqudgha.
  2030 | D:3      | Identified the +4 war axe "Pinam" {freeze, *Noise rElec
                  | SInv Stlth+}
  2071 | D:3      | Reached skill level 7 in Ranged Weapons
  2114 | D:3      | You fall into a shaft and drop 3 floors!
  2119 | D:6      | Noticed a sky beast
  2131 | D:5      | Entered Level 5 of the Dungeon
  2140 | D:6      | Killed a sky beast
  2372 | D:6      | Reached XP level 7. HP: 40/50 MP: 7/7
  2422 | D:6      | Reached skill level 8 in Ranged Weapons
  3096 | D:4      | Reached skill level 9 in Ranged Weapons
  3101 | D:4      | Found a large runed translucent door.
  3101 | D:4      | Found a large runed translucent door.
  3141 | D:4      | Found a large runed translucent door.
  3141 | D:4      | Found a large runed translucent door.
  3169 | D:4      | Reached XP level 8. HP: 56/56 MP: 8/8
  3196 | D:4      | Identified the +4 dagger "Runes" {heavy, rElec Int-2 Dex+7}
  3270 | D:4      | Found a staircase to the Ecumenical Temple.
  3594 | D:4      | Found a sparkling altar of Nemelex Xobeh.
  3649 | D:4      | You fall into a shaft and drop 1 floor!
  3804 | D:5      | Identified the +1 scale mail of Honour {rPois rF+ rC+}
  3847 | D:5      | Identified the +3 leather armour of the Fife {rElec rPois
                  | Will+++ Str-4}
  4220 | D:5      | Reached skill level 10 in Ranged Weapons
  5034 | D:4      | Identified the +9 great mace "Viclea" {flame, Str+4}
  5162 | D:6      | Noticed Blork the orc
  5170 | D:6      | Killed Blork the orc
  5171 | D:6      | Reached skill level 11 in Ranged Weapons
  5198 | D:6      | Reached XP level 9. HP: 38/61 MP: 9/9
  5303 | D:6      | Found a shadowy altar of Dithmenos.
  6184 | D:7      | Reached skill level 12 in Ranged Weapons
  6430 | D:7      | Reached skill level 13 in Ranged Weapons
  6859 | D:7      | Reached XP level 10. HP: 21/67 MP: 10/10
  7164 | D:8      | Reached skill level 14 in Ranged Weapons
  7606 | D:8      | Noticed a two-headed ogre
  7620 | D:8      | Killed a two-headed ogre
  7714 | D:8      | Reached skill level 15 in Ranged Weapons
  8347 | Temple   | Entered the Ecumenical Temple
  8347 | Temple   | Found a transporter.
  8347 | Temple   | Found a transporter.
  8349 | Temple   | Found a transporter.
  8349 | Temple   | Found a transporter.
  8376 | Temple   | Became a worshipper of Zin the Law-Giver
  8376 | Temple   | Reached * piety under Zin
  8376 | Temple   | Reached ** piety under Zin
  8613 | D:9      | Reached skill level 1 in Shields
  8627 | D:9      | Reached skill level 1 in Invocations
  8679 | D:9      | Reached XP level 11. HP: 70/72 MP: 10/12
  8701 | D:9      | Reached *** piety under Zin
  9013 | D:9      | Reached **** piety under Zin
  9027 | D:9      | Noticed a two-headed ogre
  9106 | D:8      | Reached skill level 16 in Ranged Weapons
  9287 | D:9      | Found Dug Unki's Weapon Shop.
  9336 | D:9      | Found a staircase to the Lair.
  9493 | D:9      | Found Fuatar's Antique Weapon Emporium.
  9501 | D:9      | Bought a runed longbow for 218 gold pieces
  9815 | D:9      | Killed a two-headed ogre
 10000 | D:9      | Reached ***** piety under Zin
 10187 | Lair:1   | Entered Level 1 of the Lair of Beasts
 10192 | Lair:1   | Noticed a five-headed hydra
 10226 | D:9      | Reached skill level 5 in Fighting
 10465 | D:9      | Killed a five-headed hydra
 10481 | D:9      | Reached skill level 5 in Shields
 10803 | D:9      | Reached skill level 5 in Invocations
 10803 | D:9      | Reached XP level 12. HP: 87/87 MP: 15/15
 11099 | D:9      | Reached skill level 5 in Dodging
 12055 | Lair:1   | Noticed Joseph
 12065 | Lair:1   | Killed Joseph
 12227 | Lair:1   | Noticed a death yak
 12263 | Lair:1   | Killed a death yak
 12326 | Lair:1   | Noticed a death yak
 12326 | Lair:1   | Noticed a death yak
 12350 | Lair:1   | Noticed a death yak
 12360 | Lair:1   | You fall into a shaft and drop 1 floor!
 12360 | Lair:2   | Noticed a catoblepas
 12360 | Lair:2   | Noticed a skyshark
 12504 | Lair:1   | Found a shimmering blue altar of Sif Muna.
 12711 | Lair:1   | Killed a death yak
 12725 | Lair:1   | Noticed a death yak
 12750 | Lair:1   | Killed a death yak
 12794 | Lair:1   | Killed a death yak
 12817 | Lair:1   | Killed a death yak
 13182 | Lair:2   | Found a staircase to the Snake Pit.
 13296 | Lair:2   | Reached ****** piety under Zin
 13381 | Lair:2   | Reached XP level 13. HP: 101/101 MP: 18/18
 13475 | Lair:2   | Killed a catoblepas
 13896 | Lair:3   | Reached skill level 10 in Fighting
 14626 | Lair:3   | Found a staircase to the Swamp.
 15233 | Lair:4   | Noticed an eight-headed hydra
 15526 | Lair:4   | Found a viscous altar of Jiyva.
 15526 | Lair:4   | Found a staircase to the Slime Pits.
 15671 | Lair:4   | Killed an eight-headed hydra
 15672 | Lair:4   | Reached skill level 10 in Dodging
 15853 | Lair:4   | Reached XP level 14. HP: 115/115 MP: 19/19
 15991 | Lair:5   | Entered Level 5 of the Lair of Beasts
 16134 | Lair:5   | Noticed a dire elephant
 16154 | Lair:5   | Killed a dire elephant
 16858 | Lair:5   | Noticed Josephine
 16879 | Lair:5   | Zin protects you from harm!
 16884 | Lair:5   | Killed Josephine
 16891 | Lair:5   | Slain by a basilisk

Illustrated notes

Levels and vault maps discovered:
D:1:      dpeg_arrival_chambers_temple_mockup, layout_basic,
          chequers_mini_garden, minmay_misc_feat_columns
D:2:      minmay_razor_zed, layout_loops_ring, uniq_natasha
D:3:      layout_rooms, kiku_gazebo_garden_becter, minmay_bisected
D:4:      layout_gridville, nemelex_dance_club_becter,
          minmay_temple_entry_butterflies, st_stairs_5,
          minmay_hollow_rounded_squares
D:5:      layout_cave_pods, minmay_misc_feat_ornament
D:6:      layout_basic, nicolae_dithmenos_shadow_blocks, uniq_blork_the_orc
D:7:      layout_rooms, wad_floor_pattern_untrapped, kb_lookout_dungeons_type,
          moated_statue, grunt_ministairs_3
D:8:      layout_cave_pools, minmay_liquid_box
D:9:      minmay_polygon_palace, layout_stronghold, erik_lair_island,
          serial_shops, kennysheep_mini, nicolae_shop_advertising_works
          [nicolae_subvault_shop_adworks]
Temple:   hellmonk_temple_divided_pantheon
Lair:1:   layout_cave_shapes, basic_altar, serial_bayou_pond_e, uniq_joseph
Lair:2:   layout_cave_shapes, nicolae_snake_entry_warm_welcome,
          grunt_megastairs_3, lemuel_fruit_fields
Lair:3:   layout_loops_ring, swamp_mist_pool, enter_volcano_2,
          kilobyte_rumbling_trees
Lair:4:   layout_long_grid, slime_entry_1, grunt_megastairs_1
Lair:5:   evil_forest, layout_cave_pods, uniq_josephine

Skill      XL: |  1  2  3  4  5  6  7  8  9 10 11 12 13 14 |
---------------+-------------------------------------------+-----
Ranged Weapons | 5 6 7 9 11 13 15 16 | 16.0
Shields        | 1 5 |  5.0
Invocations    | 1 5 7 |  7.4
Dodging        | 4 7 10 11 | 11.0
Fighting       | 5 9 12 13 | 13.0
Stealth        | |  1.2

Action                     |  1- 3 |  4- 6 |  7- 9 | 10-12 | 13-15 || total
---------------------------+-------+-------+-------+-------+-------++-------
   Fire: Shortbow          |    90 |   173 |   386 |   711 |   232 ||  1592
         Longbow           |       |       |       |       |   243 ||   243
 Invoke: Vitalisation      |       |       |       |     1 |     1 ||     2
         Recite            |       |       |       |       |     1 ||     1
Ability: Shaft Self        |       |       |     1 |     1 |       ||     2
    Use: Scroll            |     7 |     6 |     9 |     3 |     2 ||    27
         Potion            |       |       |       |     6 |     1 ||     7
 Armour: Leather armour    |     9 |    29 |    35 |    67 |    16 ||   156
  Dodge: Dodged            |    28 |    87 |    77 |   293 |   127 ||   612
  Block: Other             |       |       |    31 |     8 |       ||    39
         Reflection        |       |       |     2 |     7 |       ||     9
         Buckler           |       |       |       |   252 |   129 ||   381

Table legend: (Time is in decaauts)
 A = Elapsed time spent in this place.
 B = Non-inter-level travel time spent in this place.
 C = Inter-level travel time spent in this place.
 D = Time resting spent in this place.
 E = Time spent auto-exploring this place.
 F = Levels seen in this place.
 G = Mean time per level.
                   A        B        C        D        E       F      G
               +--------+--------+--------+--------+--------+-----+--------+
         Total |  16726 |  15729 |    997 |   5634 |   6871 |  15 | 1115.1 |
       Dungeon |  11703 |  10812 |    891 |   4030 |   4717 |   9 | 1300.3 |
        Temple |     57 |     57 |      0 |      0 |      6 |   1 |   57.0 |
          Lair |   4964 |   4860 |    104 |   1604 |   2148 |   5 |  992.8 |
               +--------+--------+--------+--------+--------+-----+--------+

Top non-repeatable levels by time:
     D:9: 3071 daAuts
     D:6: 1439 daAuts
     D:5: 1421 daAuts
  Lair:3: 1325 daAuts
     D:4: 1293 daAuts
  Lair:1: 1256 daAuts
     D:7: 1062 daAuts
     D:8: 1051 daAuts
     D:2: 993 daAuts
  Lair:5: 870 daAuts
  Lair:2: 768 daAuts
     D:1: 753 daAuts
  Lair:4: 744 daAuts
     D:3: 616 daAuts
  Temple: 57 daAuts
